 Dungeon Crawl Stone Soup version 0.19.1 (webtiles) character file.

53722 Gargo the Thaumaturge (level 14, -7/84 HPs)
             Began as a Gargoyle Earth Elementalist on Dec 6, 2016.
             Was a High Priest of Vehumet.
             Mangled by Rupert
             ... wielding a +4 triple sword of electrocution
              (28 damage)
             ... while paralysed by an orc sorcerer
             ... on level 1 of the Orcish Mines.
             The game lasted 02:38:34 (23886 turns).

Gargo the Thaumaturge (GrEE)                       Turns: 23886, Time: 02:38:35

Health: -7/84      AC: 24    Str: 13    XL:     14   Next: 69%
Magic:  2/38       EV:  2    Int: 24    God:    Vehumet [*****.]
Gold:   1165       SH:  0    Dex: 10    Spells: 5 memorised, 19 levels left

rFire  . . .     SeeInvis .     a - +1 whip (flame)
rCold  + . .     Gourm    +     G - +2 leather armour {rC+}
rNeg   + . .     Faith    .     S - +2 buckler
rPois  ∞         Spirit   .     k - +0 helmet
rElec  +         Reflect  .     C - +1 cloak
rCorr  .         Harm     .     t - +2 pair of gloves
MR     +....                    v - +1 pair of boots
Stlth  ++........               O - amulet of the gourmand
                                D - +4 ring of intelligence
                                V - ring of magical power

@: paralysed, flying, very slightly contaminated
A: big wings, negative energy resistance 1, electricity resistance, unbreathing,
petrification resistance, rot immunity, AC +9
a: Stop Flying, Renounce Religion


You were on level 1 of the Orcish Mines.
You worshipped Vehumet.
Vehumet was extremely pleased with you.
You were completely stuffed.

You visited 5 branches of the dungeon, and saw 21 of its levels.
You also visited: Labyrinth.

You collected 1165 gold pieces.

Inventory:

Hand Weapons
 a - a +1 whip of flaming (weapon)
 J - a cursed +0 blowgun
Missiles
 b - 69 stones (quivered)
 f - 30 poisoned needles
Armour
 d - a +0 leather armour of fire resistance
 k - a +0 helmet (worn)
 t - a +2 pair of gloves (worn)
 v - a +1 pair of boots (worn)
 C - a +1 cloak (worn)
 G - a +2 leather armour of cold resistance (worn)
 S - a +2 buckler (worn)
Jewellery
 D - a +4 ring of intelligence (right hand)
 O - an amulet of the gourmand (around neck)
 R - the ring of Utsin Myim {MR+ Str+2 SInv}
   (You found it on level 6 of the Lair of Beasts)

   [ring of protection from magic]

   It affects your strength (+2).
   It affects your resistance to hostile enchantments.
   It lets you see invisible.
 V - a ring of magical power (left hand)
 W - an uncursed ring of protection from cold
Scrolls
 j - 2 scrolls of teleportation
 n - a scroll of remove curse
 o - a scroll of blinking
 p - a scroll of magic mapping
 A - 2 scrolls of identify
 L - a scroll of fog
Potions
 l - 3 potions of curing
 r - 3 potions of heal wounds
Comestibles
 c - a chunk of flesh


   Skills:
 + Level 8.7 Fighting
 + Level 8.4 Maces & Flails
 + Level 5.9 Armour
 + Level 6.7 Dodging
 - Level 2.1 Stealth
 - Level 5.0 Shields
 * Level 11.5 Spellcasting
 + Level 9.6 Conjurations
   Level 0.7 Transmutations
 + Level 6.1 Fire Magic
 + Level 11.4 Earth Magic
   Level 7.0 Evocations


You had 19 spell levels left.
You knew the following spells:

 Your Spells              Type           Power        Failure   Level  Hunger
a - Sandblast             Erth           ######       1%          1    None
b - Lee's Rapid Deconstr  Erth           ######....   1%          5    ####...
c - Conjure Flame         Conj/Fire      ######..     1%          3    None
d - Bolt of Magma         Conj/Fire/Erth ######....   1%          5    ####...
A - Stone Arrow           Conj/Erth      ######       1%          3    None


Dungeon Overview and Level Annotations

Branches:
Dungeon (11/15)            Temple (1/1) D:6            Lair (6/6) D:10
  Swamp (0/4) Lair:3       Spider (1/4) Lair:2        Slime (0/5) Lair:6
    Orc (2/2) D:9
    Elf: Orc:2

Altars:
Ashenzari
Dithmenos
Elyvilon
Fedhas
Hepliaklqana
Makhleb
Okawaru
Ru
Sif Muna
Trog
Uskayaw
Vehumet
Xom
Yredelemnul
Zin
Jiyva

Shops:
D:6 [

Portals:
Trove: D:10 (show abyssal rune of Zot)

Annotations:
Orc:1 Rupert


Innate Abilities, Weirdness & Mutations

You are resistant to torment.
Your stone body is resilient. (AC +9)
You are immune to poison.
Your large and strong wings let you fly indefinitely.
You resist negative energy. (rN+)
You are resistant to electric shocks. (rElec)
You can survive without breathing.
You are immune to petrification.
You are immune to rotting.


Message History

The stone arrow hits Rupert.
Rupert is almost dead.
Rupert closely misses you. The orc hits you but does no damage.
You aren't carrying any items that you can evoke.
Your +1 whip of flaming bursts into flame!
a - a +1 whip of flaming (weapon)
Rupert completely misses you. The orc misses you.
You whack Rupert! You burn Rupert.
Rupert is almost dead.
Rupert hits you with a triple sword of electrocution!!
The orc hits you but does no damage. You block Rupert's attack.
You fly upwards.
The orc sorcerer casts a spell at you.
You suddenly lose the ability to move!
The orc barely misses you.
Rupert hits you with a triple sword of electrocution!!
* * * LOW HITPOINT WARNING * * *
The orc hits you but does no damage.
Rupert hits you with a triple sword of electrocution!!
You die...

................
...............#
...............#
............o...
$...............
.$.........#....
.....$..........
.......o@.......
..#.#..@.....#..
............#
....#........#
..# #...#....# .
........##
........##
#.......#.


You could see Rupert (berserk), an orc sorcerer and an orc.

Vanquished Creatures
  Gastronok (Lair:1)
  Snorg (Lair:4)
  The ghost of TotoDurand the Destroyer, a journeyman DrCj of Vehumet (Lair:3)
  A minotaur (Lab)
  6 hydras
  Harold (Lair:1)
  A catoblepas (Lair:5)
  4 death yaks
  Urug (D:11)
  An unseen horror (D:11)
  Pikel (D:9)
  A deep elf mage (D:7)
  16 elephants
  8 black mambas
  A torpor snail (Lair:6)
  10 spiny frogs
  3 rime drakes
  5 komodo dragons
  2 tengu conjurers (D:10)
  2 tyrant leeches
  2 jumping spiders (Lair:2)
  A queen bee (D:10)
  6 hornets
  5 polar bears
  9 blink frogs
  A two-headed ogre (D:11)
  6 hippogriffs
  3 redbacks
  Sigmund (D:6)
  15 spriggans
  The ghost of Zebulonius the Firebug, an amateur DEFE (D:4)
  3 wyverns
  A human (D:10)
  3 basilisks
  21 yaks
  A hungry ghost (D:9)
  Grum (D:10)
  4 vampire mosquitoes
  An insubstantial wisp (Lair:2)
  10 water moccasins
  9 porcupines
  Duvessa (D:4)
  A swamp drake (Lair:3)
  An orc warrior (Orc:2)
  2 black bears (Lair:6)
  An eye of draining (D:11)
  6 ice beasts
  2 sky beasts
  5 ogres
  2 phantoms (D:9)
  5 centaurs
  2 boggarts (Lair:6)
  25 wolves
  12 crocodiles
  A big kobold (D:4)
  16 bullfrogs
  Dowan (D:4)
  5 scorpions
  2 troll zombies (D:9)
  25 killer bees (D:10)
  4 wights (D:9)
  4 electric eels (Lair:1)
  4 howler monkeys
  3 bullfrog zombies
  4 crimson imps
  3 bullfrog skeletons
  4 hounds
  3 jellies
  6 orc priests
  A quasit (D:9)
  3 centaur skeletons
  6 orc wizards
  3 iguanas
  10 worker ants
  4 ogre zombies (D:9)
  A centaur simulacrum (D:9)
  A hound zombie (D:7)
  A hound skeleton (D:9)
  A worker ant zombie (D:6)
  6 gnolls
  10 adders
  A howler monkey skeleton (D:4)
  2 shadow imps
  3 white imps (D:9)
  2 ufetubi (D:9)
  An ooze (D:3)
  An adder zombie (D:5)
  2 adder skeletons
  5 worms
  11 leopard geckos
  19 orcs
  A ball python (D:4)
  4 giant cockroaches
  8 goblins
  10 hobgoblins
  4 jackals
  3 quokkas
  6 bats
  4 frilled lizards
  2 giant cockroach zombies (D:5)
  A goblin skeleton (D:10)
  A goblin zombie (D:9)
  2 hobgoblin skeletons (D:9)
  2 hobgoblin zombies (D:9)
  2 jackal skeletons
  A jackal zombie (D:5)
  10 kobolds
  2 leopard gecko skeletons
  An orc skeleton (D:9)
  8 orc zombies (D:9)
  11 rats
  A bush (D:4)
  2 butterflies (D:4)
  2 plants
503 creatures vanquished.

Vanquished Creatures (collateral kills)
  A yak (D:9)
1 creature vanquished.

Vanquished Creatures (others)
  An insubstantial wisp (Lair:3)
  3 slaves (D:9)
  A big kobold (D:9)
  A goblin zombie (D:9)
  6 kobolds (D:9)
  4 orc zombies (D:9)
  A bush (Lair:6)
  2 fulminant prisms (Lair:3)
  10 fungi (Lair:6)
  5 plants
34 creatures vanquished.

Grand Total: 538 creatures vanquished

Notes
Turn   | Place    | Note
-------+----------+-------------------------------------------
     0 | D:1      | Gargo the Gargoyle Earth Elementalist began the quest for the Orb.
     0 | D:1      | Reached XP level 1. HP: 10/10 MP: 3/3
   373 | D:1      | Reached XP level 2. HP: 12/15 MP: 1/5
   916 | D:2      | Reached XP level 3. HP: 15/19 MP: 0/7
   927 | D:2      | Learned a level 3 spell: Stone Arrow
  1402 | D:2      | Reached XP level 4. HP: 22/24 MP: 4/8
  1412 | D:2      | Reached skill level 1 in Conjurations
  1615 | D:2      | Noticed a moth of wrath
  1618 | D:2      | Found a bloodstained altar of Trog.
  2555 | D:4      | Reached XP level 5. HP: 24/28 MP: 3/10
  2576 | D:3      | Reached skill level 5 in Earth Magic
  3143 | D:3      | Reached XP level 6. HP: 32/32 MP: 12/12
  3161 | D:4      | Noticed Zebulonius's ghost (amateur DEFE)
  3185 | D:4      | Noticed Duvessa
  3185 | D:4      | Noticed Dowan
  3525 | D:5      | Entered Level 5 of the Dungeon
  3638 | D:4      | Found a white marble altar of Elyvilon.
  3764 | D:4      | Killed Zebulonius's ghost
  3764 | D:4      | Reached skill level 5 in Spellcasting
  3764 | D:4      | Reached XP level 7. HP: 23/36 MP: 0/14
  4095 | D:4      | Found a shimmering altar of Xom.
  4239 | D:4      | Found a radiant altar of Vehumet.
  4302 | D:4      | Became a worshipper of Vehumet
  4504 | D:4      | Reached skill level 1 in Maces & Flails
  4556 | D:4      | Killed Duvessa
  4556 | D:4      | Reached skill level 1 in Evocations
  4556 | D:4      | Reached XP level 8. HP: 33/42 MP: 1/16
  4562 | D:4      | Killed Dowan
  4562 | D:4      | Reached skill level 1 in Fighting
  4562 | D:4      | Reached skill level 1 in Armour
  4754 | D:4      | Learned a level 5 spell: Lee's Rapid Deconstruction
  5799 | D:5      | Identified Sif Muna's Volume of Shifting Black Magic
  5824 | D:5      | Reached * piety under Vehumet
  5824 | D:5      | Offered knowledge of Shock by Vehumet.
  6064 | D:5      | Reached XP level 9. HP: 44/48 MP: 9/18
  6209 | D:5      | Found a shadowy altar of Dithmenos.
  6458 | D:6      | Noticed Sigmund
  6466 | D:6      | Killed Sigmund
  6748 | D:8      | Reached skill level 5 in Conjurations
  7025 | D:6      | Found Udou's Antique Armour Shoppe.
  7200 | D:6      | Found a staircase to the Ecumenical Temple.
  7208 | Temple   | Entered the Ecumenical Temple
  7894 | D:7      | Found a glowing silver altar of Zin.
  7902 | D:7      | Offered knowledge of Magic Dart by Vehumet.
  8006 | D:7      | Reached XP level 10. HP: 56/56 MP: 14/21
  8008 | D:7      | Reached ** piety under Vehumet
  8217 | D:7      | Noticed a deep elf mage
  8223 | D:7      | Killed a deep elf mage
  8223 | D:7      | Reached skill level 1 in Shields
  8841 | D:8      | Found a hazy altar of Hepliaklqana.
  8841 | D:8      | Found a faded altar of an unknown god.
  8846 | D:8      | Found a sacrificial altar of Ru.
  8848 | D:8      | Found a deep blue altar of Sif Muna.
  8849 | D:8      | Found a blossoming altar of Fedhas.
  9158 | D:9      | Noticed Pikel
  9168 | D:9      | Killed Pikel
  9388 | D:9      | Found a staircase to the Orcish Mines.
  9523 | D:9      | Offered knowledge of Mephitic Cloud by Vehumet.
  9669 | D:10     | Entered Level 10 of the Dungeon
  9679 | D:10     | Reached *** piety under Vehumet
 10220 | D:9      | Offered knowledge of Conjure Flame by Vehumet.
 10237 | D:9      | Learned a level 3 spell: Conjure Flame
 10522 | Orc:1    | Entered Level 1 of the Orcish Mines
 10588 | D:10     | Reached XP level 11. HP: 62/62 MP: 11/23
 10608 | D:10     | Found a portal to a secret trove of treasure.
 10700 | D:11     | Reached skill level 1 in Fire Magic
 10837 | D:10     | Noticed Grum
 10849 | D:10     | Killed Grum
 10949 | D:10     | Reached **** piety under Vehumet
 10980 | D:10     | Offered knowledge of Bolt of Magma by Vehumet.
 11042 | D:10     | Learned a level 5 spell: Bolt of Magma
 11223 | D:10     | Found a staircase to the Lair.
 11228 | Lair:1   | Entered Level 1 of the Lair of Beasts
 11324 | D:10     | Reached skill level 5 in Fighting
 11338 | D:10     | Found a runed door.
 11343 | D:10     | Found a basalt altar of Yredelemnul.
 11756 | D:11     | Noticed Urug
 11826 | D:11     | Killed Urug
 11826 | D:11     | Reached skill level 5 in Maces & Flails
 11952 | D:11     | Killed an unseen horror
 12003 | D:11     | Got a clouded pewter amulet
 12004 | D:11     | Identified the amulet of Hoci {Faith rF- Str+3 Slay+4} (You found it on level 11 of the Dungeon)
 12721 | Lair:1   | Reached skill level 5 in Evocations
 12723 | Lair:1   | Noticed Gastronok
 12723 | Lair:1   | Reached ***** piety under Vehumet
 12724 | Lair:1   | Offered knowledge of Irradiate by Vehumet.
 12743 | Lair:1   | Killed Gastronok
 12743 | Lair:1   | Reached skill level 5 in Dodging
 12743 | Lair:1   | Reached XP level 12. HP: 40/69 MP: 6/25
 12749 | Lair:1   | Noticed Harold
 13186 | Lair:1   | Killed Harold
 13552 | Lair:2   | Noticed an eight-headed hydra
 13559 | Lair:2   | Killed an eight-headed hydra
 13559 | Lair:2   | Reached skill level 5 in Shields
 14047 | Lair:2   | Noticed a four-headed hydra
 14055 | Lair:2   | Killed a four-headed hydra
 14325 | Lair:3   | Found a labyrinth entrance.
 14332 | Lab      | Entered a labyrinth
 15139 | Lab      | Noticed a minotaur
 15143 | Lab      | Killed a minotaur
 15150 | Lab      | Got a translucent rapier
 15263 | Lair:2   | Found a hole to the Spider Nest.
 15317 | Spider:1 | Entered Level 1 of the Spider Nest
 15541 | Lair:2   | Reached skill level 10 in Spellcasting
 15640 | Lair:2   | Noticed a five-headed hydra
 15651 | Lair:2   | Killed a five-headed hydra
 15971 | Lair:3   | Reached skill level 10 in Earth Magic
 15985 | Lair:3   | Noticed TotoDurand's ghost (journeyman DrCj)
 16140 | Lair:2   | Reached XP level 13. HP: 27/76 MP: 21/27
 16648 | Lair:2   | Reached skill level 5 in Armour
 16917 | Lair:3   | Killed TotoDurand's ghost
 18519 | Lair:3   | Found a staircase to the Swamp.
 19069 | Lair:6   | Entered Level 6 of the Lair of Beasts
 19218 | Lair:5   | Noticed Snorg
 19236 | Lair:4   | Offered knowledge of Poisonous Cloud by Vehumet.
 19383 | Lair:4   | Killed Snorg
 19383 | Lair:4   | Reached skill level 5 in Fire Magic
 19941 | Lair:6   | Got a jewelled great sword
 20960 | Lair:6   | Gained mutation: Your large and strong wings let you fly indefinitely. [Gargoyle growth]
 20960 | Lair:6   | Reached XP level 14. HP: 84/84 MP: 29/29
 22821 | Lair:6   | Got a bound silver ring
 22823 | Lair:6   | Identified the ring of Utsin Myim {MR+ Str+2 SInv} (You found it on level 6 of the Lair of Beasts)
 22958 | Lair:6   | Found a viscous altar of Jiyva.
 22958 | Lair:6   | Found a staircase to the Slime Pits.
 23868 | Orc:2    | Entered Level 2 of the Orcish Mines
 23868 | Orc:2    | Noticed Rupert
 23869 | Orc:2    | Offered knowledge of Orb of Destruction by Vehumet.
 23884 | Orc:1    | Paralysed by an orc sorcerer for 5 turns
 23886 | Orc:1    | Mangled by Rupert

Skill      XL: |  1  2  3  4  5  6  7  8  9 10 11 12 13 14 |
---------------+-------------------------------------------+-----
Earth Magic    | 4 5 6 7 8 9 10 11 | 11.4
Spellcasting   | 3 4 5 6 7 8 9 10 11 | 11.5
Conjurations   | 1 2 3 4 5 6 7 8 9 |  9.6
Maces & Flails | 1 2 3 4 5 6 7 8 |  8.4
Evocations     | 1 2 3 4 5 6 7 |  7.0
Fighting       | 2 3 4 5 7 8 |  8.7
Armour         | 2 3 4 5 |  5.9
Dodging        | 2 3 4 5 6 |  6.7
Shields        | 2 4 5 |  5.0
Fire Magic     | 3 4 5 6 |  6.1
Stealth        | |  2.1
Transmutations | |  0.7

Action                   |  1- 3 |  4- 6 |  7- 9 | 10-12 | 13-15 || total
-------------------------+-------+-------+-------+-------+-------++-------
Melee: Unarmed           |    17 |       |       |       |       ||    17
       Mace              |     5 |    23 |       |       |       ||    28
       Falchion          |       |     3 |    75 |     4 |       ||    82
       Flail             |       |     1 |       |       |       ||     1
       Whip              |       |       |       |   142 |   132 ||   274
 Cast: Sandblast         |    42 |   105 |   189 |   291 |   141 ||   768
       Stone Arrow       |     1 |     9 |    50 |   217 |   294 ||   571
       Lee's Rapid Decon |       |       |       |     8 |       ||     8
       Bolt of Magma     |       |       |       |     3 |    46 ||    49
 Abil: Fly               |       |       |       |       |     1 ||     1
Evoke: Wand              |       |       |     4 |    36 |    11 ||    51
  Use: Scroll            |       |       |     8 |     8 |     5 ||    21
       Potion            |       |       |       |     6 |     1 ||     7
 Stab: Sleeping          |     2 |     5 |     6 |     5 |     2 ||    20
       Petrified         |       |       |       |       |    10 ||    10
  Eat: Chunk             |     2 |     8 |    15 |    23 |    41 ||    89
       Fruit             |       |       |       |     1 |       ||     1
       Pizza             |       |       |       |     4 |       ||     4
Armor: Robe              |    16 |    26 |    62 |    59 |       ||   163
       Leather armour    |       |       |       |   188 |   238 ||   426
Dodge: Dodged            |    42 |    53 |   119 |   356 |   257 ||   827
Block: Buckler           |       |       |       |    79 |   107 ||   186
       Rpst.: Falchion   |       |     5 |    23 |    10 |       ||    38
